Map: Ruby Rock LE

Players

HoldTheDoor

  • Race: Protoss Protoss
  • League: Diamond
  • Spawn Location: 11:00

Usul - Winner!

  • Race: Zerg Zerg
  • League: Diamond
  • Spawn Location: 5:00

VOD

Have the link to the VOD?

Description

Time

  • Played on: May 17, 2026, 12:49 p.m.
  • Length: 5:59
Show
View Real Time Build Order
Export as new Build Order

HoldTheDoor Protoss 

Build Orders:  

Get SALT Encoding   

  12  0:00  Probe  
  13  0:12  Probe  
  14  0:19  Pylon  
  14  0:24  Probe  
  15  0:34  Probe  
  15  0:42  Probe  
  16  0:44  Gateway  
  17  0:52  Probe, Assimilator  
  18  1:04  Forge  
  18  1:06  Probe  
  19  1:18  Probe  
  20  1:32  Cybernetics Core  
  20  1:38  Photon Cannon  
  20  1:41  Probe  
  21  1:53  Probe  
  22  2:02  Nexus  
  22  2:06  Probe, Warp Gate  
  23  2:11  Pylon  
  23  2:26  Stalker  
  23  2:29  Probe  
  26  2:35  Robotics Facility  
  26  2:43  Gateway  
  26  2:45  Probe  
  27  2:57  Probe, Stalker  
  30  3:09  Probe  
  31  3:14  Probe  
  31  3:18  Warp Prism  
  32  3:21  Probe  
  32  3:24  Shield Battery  
  32  3:25  Pylon  
  33  3:31  Probe  
  36  3:37  Probe  
  37  3:47  Gateway x2  
  37  3:55  Stalker  
  39  3:57  Stalker  
  41  4:11  Pylon  
  41  4:14  Pylon  
  41  4:18  Gateway  
  41  4:22  Gateway  
  41  4:23  Gateway  
  41  4:29  Gateway  
  41  4:39  Stalker x2  
  45  4:49  Pylon  
  45  5:09  Stalker x3  
  41  5:36  Stalker x2  
  41  5:42  Probe x2  
  47  5:46  Zealot x3  
  47  5:47  Zealot  
Show
View Real Time Build Order
Export as new Build Order

Usul Zerg - Winner!

Build Orders: Pool Only, Swarm Host 

Get SALT Encoding   

  12  0:18  Spawning Pool  
  12  0:21  Extractor  
  10  0:24  Drone  
  11  0:29  Drone  
  11  0:35  Drone  
  13  0:40  Drone  
  14  0:55  Overlord  
  14  1:13  Queen  
  14  1:14  Zergling x2  
  17  1:22  Drone x2  
  19  1:29  Drone  
  20  1:44  Drone  
  21  1:51  Lair  
  21  1:56  Overlord  
  21  2:02  Drone  
  21  2:05  Extractor  
  21  2:12  Drone  
  23  2:22  Drone  
  23  2:23  Drone x2  
  25  2:34  Drone  
  26  2:45  Drone  
  27  2:56  Infestation Pit  
  26  2:58  Nydus Network  
  26  3:05  Spine Crawler  
  24  3:09  Overlord  
  24  3:10  Drone  
  25  3:15  Spore Crawler  
  24  3:26  Drone  
  25  3:36  Swarm Host x3  
  25  3:38  Swarm Host  
  37  3:52  Overlord  
  37  4:02  Nydus Canal  
  37  4:08  Overlord  
  37  4:10  Overlord  
  37  4:12  Swarm Host  
  40  4:18  Queen  
  42  4:31  Nydus Canal  
  42  4:38  Swarm Host  
  42  4:44  Overlord  
  45  5:04  Spore Crawler  
  45  5:06  Spore Crawler  
  43  5:12  Spore Crawler  
  43  5:13  Swarm Host x2  
  48  5:23  Queen  
  48  5:24  Swarm Host  
  53  5:36  Spore Crawler  
  53  5:39  Nydus Canal  
Tags
 
Composition
Swarm Host
Matchup
PvZ
Opening
Pool Only
Replay Pack
SC2Mai2026
Spawn Locations
Cross Positions
Add a new tag
Caveats
  • Supply blocks, unpowered buildings, or Contaminate may cause inaccurate times.
  • Supply counts are checked every 10 seconds.